 Dungeon Crawl Stone Soup version 0.26-a0-597-gb535b0901c (webtiles) character file.

Game seed: 11617533762762995822

28 Alarkh the Insei (level 3, 29/29 HPs)
             Began as a Demonspawn Monk on Sept 2, 2020.
             Got out of the dungeon alive.
             The game lasted 00:00:29 (1031 turns).

Alarkh the Insei (Demonspawn Monk)                  Turns: 1031, Time: 00:00:29

Health: 29/29      AC:  2    Str: 11    XL:     3   Next: 0%
Magic:  3/3        EV: 13    Int: 12    God:
Gold:   44         SH:  0    Dex: 15    Spells: 2/2 levels left

rFire    . . .     SeeInvis .     - Unarmed
rCold    + . .     Faith    .   (no shield)
rNeg     . . .     Spirit   .   a - +0 robe
rPois    .         Reflect  .   (no helmet)
rElec    .         Harm     .   (no cloak)
rCorr    .                      (no gloves)
MR       .....                  (no boots)
Stlth    ++........             (no amulet)
HPRegen  0.09/turn              (no ring)
MPRegen  0.08/turn              (no ring)

@: no status effects
A: claws 1, cold resistance 1
a: no special abilities


You escaped.
You visited 1 branch of the dungeon, and saw 2 of its levels.

You collected 44 gold pieces.

Inventory:

Armour
 a - a +0 robe (worn)
Scrolls
 c - 3 scrolls of remove curse {unknown}
 d - 2 scrolls of teleportation {unknown}
 f - a scroll of immolation {unknown}
 g - a scroll of identify {unknown}
 i - a scroll of fear {unknown}
Potions
 b - a potion of flight {unknown}
 e - 2 potions of lignification {unknown}
 h - a potion of invisibility {unknown}


   Skills:
 + Level 3.4 Fighting
 - Level 2.6 Dodging
 - Level 1.7 Stealth
 * Level 3.5 Unarmed Combat


You had 2 spell levels left.
You didn't know any spells.
Your spell library was empty.

Dungeon Overview and Level Annotations

Branches:
Dungeon (2/15)

Altars:


Innate Abilities, Weirdness & Mutations

You have sharp fingernails.
Your flesh is cold resistant. (rC+)


Message History

The goblin misses you.
You claw the goblin!
You kill the goblin!
You have reached level 3!
Your experience leads to an increase in your attributes!
Increase (S)trength, (I)ntelligence, or (D)exterity?
You feel clever.
Your demonic ancestry asserts itself...
You feel resistant to cold.
Found a whip.
You see here a +0 dagger.
There is an open door here.
There is a stone staircase leading down here.
There is an open door here.
There is a stone staircase leading up here.
You climb upwards.
There is a stone staircase leading down here.
There is an open door here.
There is a staircase leading out of the dungeon here.
Are you sure you want to leave the Dungeon?
This will make you lose the game!
You have escaped!

##### ##...########
##...........# ##
#.......####.# .#
#.......#..#.#
.######.......'....#
........#######.@###
##......# ###.'..#
#..####.###...####
..## #.##.÷.## ###
####..## #####...##
#...#..†.#
#...#....######
#####...#....##...#


There were no monsters in sight!

Vanquished Creatures
  An adder (D:2)
  A worm (D:2)
  A ball python (D:2)
  2 giant cockroaches (D:1)
  3 goblins (D:2)
  A hobgoblin (D:1)
  A kobold (D:1)
  A bat (D:1)
  A frilled lizard (D:1)
  5 rats (D:1)
17 creatures vanquished.

Notes
Turn   | Place    | Note
-------+----------+-------------------------------------------
     0 | D:1      | Alarkh the Demonspawn Monk began the quest for the Orb.
     0 | D:1      | Reached XP level 1. HP: 18/18 MP: 1/1
   425 | D:1      | Gained mutation: You have sharp fingernails. [demonic
                  | ancestry]
   425 | D:1      | Reached XP level 2. HP: 21/24 MP: 2/2
   826 | D:2      | Gained mutation: Your flesh is cold resistant. (rC+)
                  | [demonic ancestry]
   826 | D:2      | Reached XP level 3. HP: 26/29 MP: 3/3
  1031 | D:$      | Got out of the dungeon alive.

Illustrated notes

Levels and vault maps discovered:
D:1:      dpeg_arrival_ratfight, layout_rooms
D:2:      layout_basic

Skill      XL: |  1 |
---------------+----+-----
Unarmed Combat | 3 |  3.5
Fighting       | |  3.4
Dodging        | |  2.6
Stealth        | |  1.7

Action                   || total
-------------------------++-------
Melee: Unarmed           ||    64
 Stab: Sleeping          ||     4
Armor: Robe              ||    10
Dodge: Dodged            ||    37

Table legend: (Time is in decaauts)
 A = Elapsed time spent in this place.
 B = Non-inter-level travel time spent in this place.
 C = Inter-level travel time spent in this place.
 D = Time resting spent in this place.
 E = Time spent auto-exploring this place.
 F = Levels seen in this place.
 G = Mean time per level.
                   A        B        C        D        E       F      G
               +--------+--------+--------+--------+--------+-----+--------+
         Total |   1027 |    795 |    232 |      0 |    673 |   2 |  513.5 |
       Dungeon |   1027 |    795 |    232 |      0 |    673 |   2 |  513.5 |
               +--------+--------+--------+--------+--------+-----+--------+

Top non-repeatable levels by time:
     D:2: 517 daAuts
     D:1: 509 daAuts
